 Dungeon Crawl Stone Soup version 0.31-a0-965-g8a8ce12e04 (webtiles) character file.

Game seed: 15561301041421122289

22 IdlyInterested the Trooper (level 2, -2/25 HPs)
             Began as a Demonspawn Fighter on Oct 26, 2023.
             Killed from afar by Sigmund (6 damage)
             ... with a magic dart
             ... on level 2 of the Dungeon.
             The game lasted 00:01:21 (467 turns).

IdlyInterested the Trooper (Demonspawn Fighter)      Turns: 467, Time: 00:01:22

Health: -2/25      AC:  6    Str: 16    XL:     2   Next: 68%
Magic:  2/2        EV:  8    Int:  9    God:
Gold:   14         SH:  4    Dex: 12    Spells: 1/1 levels left

rFire   . .          .
                       - Unarmed
rCold   . . .        b - +0 buckler
rNeg    . . .        a - +0 scale mail
rPois   .            (no helmet)
rElec   .            (no cloak)
rCorr   .            (no gloves)
SInv    .            (no boots)
Will    .....        (no amulet) Stlth
                     (no ring)
HPRegen 0.24/turn    (no ring)
MPRegen 0.08/turn

%: no passive effects
@: mighty
A: foul stench 1
a: no special abilities


You were on level 2 of the Dungeon.
You visited 1 branch of the dungeon, and saw 2 of its levels.

You collected 14 gold pieces.

Inventory:

Hand Weapons
 d - a +0 dagger
 h - a +0 short sword
 i - a +0 dagger
Missiles
 e - 8 stones
Armour
 a - a +0 scale mail (worn)
 b - a +0 buckler (worn)
 j - a +0 chain mail
Scrolls
 g - a scroll of identify {unknown}
Potions
 f - a potion of curing {unknown}


   Skills:
 * Level 3.7 Fighting
 + Level 0.2 Throwing
 - Level 2.6 Armour
 - Level 1.0 Stealth
 - Level 2.6 Shields
 - Level 1.7 Unarmed Combat


You had one spell level left.
You didn't know any spells.
Your spell library was empty.

Dungeon Overview and Level Annotations

Branches:
Dungeon (1/15)

Altars:

Annotations:
D:2 Sigmund


Innate Abilities, Weirdness & Mutations

You may rarely emit foul miasma when damaged in melee.


Message History

Sigmund the Dreaded comes into view.
He is wielding a +0 scythe.
Sigmund shouts!
You block the frilled lizard's attack.
You miss the frilled lizard. The frilled lizard bites you.
You miss the frilled lizard.
An endoplasm comes into view.
The frilled lizard barely misses you.
You barely miss the frilled lizard.
The endoplasm quivers.
The frilled lizard closely misses you.
Sigmund hits you from afar with a +0 scythe!
You miss the frilled lizard. The frilled lizard barely misses you.
You feel very mighty all of a sudden.
Sigmund gestures wildly while chanting.
Sigmund flickers and vanishes!
Deactivating autopickup; reactivate with Ctrl-A.
The frilled lizard bites you.
You hit the frilled lizard.
The frilled lizard is heavily wounded.
Something hits you!
* * * LOW HITPOINT WARNING * * *
The frilled lizard bites you but does no damage.
You hit the frilled lizard.
You kill the frilled lizard!
Something completely misses you.
The endoplasm hits you but does no damage.
You hit something. Something hits you.
* * * LOW HITPOINT WARNING * * *
The endoplasm freezes you.
You are frozen.
* * * LOW HITPOINT WARNING * * *
You closely miss something. The endoplasm closely misses you.
You hear some strange, mumbled words.
A puff of flame appears from out of thin air!
The puff of flame misses you.
You hit something. The endoplasm barely misses you.
You hear some strange, mumbled words.
A magic dart appears from out of thin air!
The magic dart hits you.
You die...

.########.##...#
....#....†.# ##..#
...........## ....
............###....#
.............>......
............###.####
............###.
.................
.......@....#..##
......{J......##
....#.....#.....
#................
.................
..........#......
..........#.....
..........# ...


You could see an endoplasm.

Vanquished Creatures
  A dart slug (D:1)
  An endoplasm (D:1)
  A giant cockroach (D:1)
  2 goblins (D:1)
  A hobgoblin (D:1)
  3 bats (D:1)
  6 frilled lizards
  4 kobolds (D:1)
  A rat (D:1)
20 creatures vanquished.

Notes
Turn   | Place    | Note
-------+----------+-------------------------------------------
     0 | D:1      | IdlyInterested the Demonspawn Fighter began the quest for
                  | the Orb.
     0 | D:1      | Reached XP level 1. HP: 18/18 MP: 1/1
    48 | D:1      | Found a faded altar of an unknown god.
   229 | D:1      | Gained mutation: You may rarely emit foul miasma when
                  | damaged in melee. [demonic ancestry]
   229 | D:1      | Reached XP level 2. HP: 16/24 MP: 2/2
   274 | D:1      | Reached skill level 1 in Stealth
   429 | D:1      | You fall into a shaft and drop 1 floor!
   455 | D:2      | Noticed Sigmund
   467 | D:2      | Killed from afar by Sigmund

Illustrated notes

Levels and vault maps discovered:
D:1:      pf_arrival_petrified_forest, layout_loops_ring,
          shapermc_ecumenical_altar_totnotflames
D:2:      minmay_angry_zag, layout_rooms, uniq_sigmund, uniq_terence, uniq_robin

Skill      XL: |  1  2 |
---------------+-------+-----
Stealth        | 1 |  1.0
Fighting       | |  3.7
Throwing       | |  0.2
Armour         | |  2.6
Shields        | |  2.6
Unarmed Combat | |  1.7

Action                     || total
---------------------------++-------
  Melee: Unarmed           ||    90
    Use: Potion            ||     1
 Armour: Scale mail        ||    59
  Dodge: Dodged            ||    30
  Block: Buckler           ||    13

Table legend: (Time is in decaauts)
 A = Elapsed time spent in this place.
 B = Non-inter-level travel time spent in this place.
 C = Inter-level travel time spent in this place.
 D = Time resting spent in this place.
 E = Time spent auto-exploring this place.
 F = Levels seen in this place.
 G = Mean time per level.
                   A        B        C        D        E       F      G
               +--------+--------+--------+--------+--------+-----+--------+
         Total |    467 |    467 |      0 |      0 |    293 |   2 |  233.5 |
       Dungeon |    467 |    467 |      0 |      0 |    293 |   2 |  233.5 |
               +--------+--------+--------+--------+--------+-----+--------+

Top non-repeatable levels by time:
     D:1: 429 daAuts
     D:2: 37 daAuts
